 Dungeon Crawl Stone Soup version 0.27-a0-1281-ge233d83751 (webtiles) character file.

Game seed: 16805570741360254159

31320 Zonian the Destroyer (level 13, 0/79 HPs)
             Began as a Tengu Conjurer on June 13, 2021.
             Was a Priest of Vehumet.
             Slain by a black mamba (13 damage)
             ... on level 6 of the Lair of Beasts.
             The game lasted 01:11:24 (33817 turns).

Zonian the Destroyer (Tengu Conjurer)              Turns: 33817, Time: 01:11:25

Health: 0/79       AC:  7    Str:  7    XL:     13   Next: 57%
Magic:  12/26      EV: 23    Int: 28    God:    Vehumet [***...]
Gold:   633        SH:  0    Dex: 15    Spells: 6/29 levels left

rFire    . . .     SeeInvis .   j - +3 dagger (venom)
rCold    . . .     Faith    .   (no shield)
rNeg     . . .     Spirit   .   F - +2 robe {Will+}
rPois    .         Reflect  .   (helmet restricted)
rElec    .         Harm     .   x - +2 cloak
rCorr    .         Rampage  .   (no gloves)
Will     +....                  (boots unavailable)
Stlth    ++++......             C - amulet of regeneration
HPRegen  1.23/turn              A - +4 ring of evasion
MPRegen  0.20/turn              L - +6 ring of intelligence

@: lethally poisoned (0 -> -23), flying quickly and evasively, quick
A: beak, talons 3, nimble flight
a: Renounce Religion


You were on level 6 of the Lair of Beasts.
You worshipped Vehumet.
Vehumet was most pleased with you.
You visited 3 branches of the dungeon, and saw 15 of its levels.
You also visited: Volcano.

You collected 969 gold pieces.
You spent 336 gold pieces at shops.

Inventory:

Hand Weapons
 f - a +1 short sword
 j - a +3 dagger of venom (weapon)
 l - a +1 hand crossbow
 m - a +2 hunting sling of flaming
 u - a +1 war axe of flaming
 v - a +2 trident
 M - a +1 rapier of flaming
 N - the +1 flail "Exuteese" {antimagic, Drain +Rage Str+8 Dex-2}
   (You found it on level 6 of the Lair of Beasts)

   It reduces the magical energy of the wielder, and disrupts the spells and
   magical abilities of those hit.
   Natural abilities and divine invocations are not affected.
   It affects your strength (+8).
   It affects your dexterity (-2).
   It lets you go berserk.
   It drains your maximum health when unequipped.
Missiles
 t - 117 sling bullets
 E - 5 curare-tipped darts
Armour
 a - a +1 robe
 x - a +2 cloak (worn)
 F - a +2 robe of willpower (worn)
Jewellery
 e - an amulet of reflection
 r - a ring of protection from fire
 w - a ring of ice
 A - a +4 ring of evasion (left hand)
 C - an amulet of regeneration (around neck)
 D - a ring of willpower
 L - a +6 ring of intelligence (right hand)
Wands
 k - a wand of digging (15)
 z - a wand of charming (14)
 I - a wand of flame (25)
Scrolls
 b - 6 scrolls of amnesia
 c - 2 scrolls of fear
 q - 4 scrolls of teleportation
 y - a scroll of blinking
 B - 7 scrolls of identify
 G - a scroll of brand weapon
 H - 5 scrolls of enchant armour
 J - a scroll of fog
Potions
 d - 3 potions of curing
 g - a potion of resistance
 h - 2 potions of cancellation
 i - 3 potions of lignification
 n - a potion of mutation
 o - 2 potions of magic
 p - 2 potions of heal wounds
 s - 3 potions of haste
 K - 2 potions of brilliance {unknown}


   Skills:
 + Level 8.4 Fighting
 - Level 6.4 Short Blades
 + Level 8.3 Dodging
 + Level 8.4 Stealth
 - Level 1.0 Shields
 + Level 8.7 Spellcasting
 + Level 13.4 Conjurations
 + Level 9.4 Summonings
 - Level 4.3 Translocations
 + Level 8.2 Air Magic


You had 6 spell levels left.
You knew the following spells:

 Your Spells              Type           Power      Damage    Failure   Level
a - Magic Dart            Conj           100%       1d8       0%          1
b - Searing Ray           Conj           100%       3d7       1%          2
c - Dazzling Flash        Conj/Hex       100%       N/A       1%          3
d - Call Imp              Summ           60%        N/A       1%          2
e - Summon Lightning Spi  Summ/Air       58%        N/A       1%          4
f - Iskenderun's Mystic   Conj/Tloc      58%        2d12      1%          4
g - Swiftness             Air            56%        N/A       1%          3
h - Summon Ice Beast      Ice/Summ       38%        N/A       7%          4

Your spell library contained the following spells:

 Spells                   Type           Power      Damage    Failure   Level
 Hailstorm                Conj/Ice       50%        3d11      1%          4
 Summon Small Mammal      Summ           100%       N/A       1%          1
 Call Canine Familiar     Summ           60%        N/A       1%          3
 Summon Guardian Golem    Hex/Summ       38%        N/A       1%          3
 Fulminant Prism          Conj/Hex       25%        3d14      1%          4
 Corona                   Hex            13%        N/A       4%          1
 Ensorcelled Hibernation  Hex/Ice        24%        N/A       7%          2
 Passwall                 Tmut/Erth      10%        N/A       7%          2
 Passage of Golubria      Tloc           N/A        N/A       8%          4
 Confusing Touch          Hex            12%        N/A       14%         3
 Tukima's Dance           Hex            12%        N/A       14%         3
 Lee's Rapid Deconstruct  Erth           6%         3d7*      30%         5
 Invisibility             Hex            6%         N/A       100%        6


Dungeon Overview and Level Annotations

Branches:
Dungeon (8/15)             Temple (1/1) D:4            Lair (6/6) D:8
 Shoals (0/4) Lair:4        Snake (0/4) Lair:3        Slime (0/5) Lair:5
Volcano (visited)

Altars:
Ashenzari
Dithmenos
Elyvilon
Fedhas
Gozag
Hepliaklqana
Kikubaaqudgha
Makhleb
Nemelex Xobeh
Qazlal
Ru
Sif Muna
Trog
Uskayaw
Vehumet
Wu Jian
Xom
Yredelemnul
Zin
The Shining One
Jiyva

Shops:
D:2 [   D:3 !   D:7 =

Annotations:
D:7 exclusion: ice statue


Innate Abilities, Weirdness & Mutations

You have a beak for a mouth.
You have claws for feet.
Your magical nature lets you fly swiftly and evasively.


Message History

Okay, then.
The black mamba bites your white imp.
Your white imp hits the black mamba but does no damage.
The black mamba barely misses your white imp.
Unknown command.
Your crimson imp barely misses the black mamba.
Your white imp hits the black mamba but does no damage.
Unknown command.
The black mamba barely misses you.
Unknown command.
You completely miss the black mamba. You claw the black mamba.
The black mamba is lightly wounded.
Your lightning spire disappears in a puff of smoke!
The black mamba bites you!
You are poisoned.
The black mamba poisons you!
Your white imp hits the black mamba but does no damage.
You miss the black mamba.
The black mamba is lightly wounded.
You feel very sick. The black mamba bites you!
You are more poisoned.
The black mamba poisons you!
Your crimson imp hits the black mamba but does no damage.
Casting: Magic Dart (safe; 0% risk of failure)
Confirm with . or Enter, or press ? or * to list all spells.
An electric hum fills the air.
You feel extremely sick. The black mamba bites you!
You are more poisoned.
The black mamba poisons you!
Your white imp hits the black mamba but does no damage.
The black mamba bites you!
* * * LOW HITPOINT WARNING * * *
Your crimson imp barely misses the black mamba.
* * * LOW HITPOINT WARNING * * *
You feel extremely sick.
Your white imp gestures at the black mamba.
The puff of frost hits the black mamba.
The black mamba bites you!
You die...

#........ ###........ ## ### ###
#### ######......†.†.
.####.###.###..###....P.#....#.##
........................#...##.##
.P...........................P..#
.................................
...............8................<
................@..........P.....
................S.P$....##.......
..............5..P(....#####.##.#
P..P...........5.PP#..## .# #.
#...P......(.....P.....# ## .
....................#
...................##
##.................#
..................#


You could see a black mamba (ally target), a friendly lightning spire
(summoned), a friendly crimson imp (summoned) and a friendly white imp
(summoned).

Vanquished Creatures
  4 hydras
  2 catoblepae
  A death yak (Lair:4)
  Sonja (Lair:4)
  7 elephants
  4 black mambas
  7 cane toads
  2 rime drakes
  9 komodo dragons
  A polar bear (Lair:2)
  19 blink frogs
  A shadow (D:6)
  Sigmund (D:2)
  4 wyverns
  2 basilisks
  3 steam dragons
  30 yaks
  3 nagas (Lair:3)
  An acid dragon (D:8)
  A hell hound (Volcano)
  13 water moccasins
  Duvessa (D:7)
  2 orc warriors (D:8)
  6 ice beasts
  2 sky beasts
  A necrophage (D:6)
  An ogre (D:4)
  5 black bears
  5 wolves
  4 centaurs
  A phantom (D:4)
  A kobold brigand (D:7)
  5 bullfrogs
  Blork the orc (D:5)
  A water moccasin zombie (D:5)
  4 scorpions
  Dowan (D:7)
  4 wights
  A howler monkey (D:7)
  3 hounds
  2 gnoll shamans
  A centaur skeleton (D:6)
  3 orc priests
  Jessica (D:2)
  A bullfrog skeleton (D:5)
  6 iguanas
  An orc wizard (D:6)
  A hound skeleton (D:4)
  4 adders
  9 gnolls
  A white imp (D:7)
  An adder zombie (D:5)
  A worm (D:2)
  5 dart slugs
  19 orcs
  3 endoplasms
  6 goblins
  3 hobgoblins
  5 jackals
  12 kobolds
  2 quokkas
  11 ball pythons
  3 bats
  5 frilled lizards
  7 rats
278 creatures vanquished.

Vanquished Creatures (collateral kills)
  2 hydras (Lair:6)
  A death yak (Lair:4)
  Nergalle (Lair:4)
  3 elephants (Lair:6)
  A wyvern (Lair:6)
  7 yaks
  3 acid dragons (Lair:6)
  2 wolves (Lair:6)
  An iguana (Lair:6)
21 creatures vanquished.

Vanquished Creatures (others)
  A yak (Lair:2)
  A bullfrog (Lair:2)
  37 fungi
  45 plants
84 creatures vanquished.

Grand Total: 383 creatures vanquished

Notes
Turn   | Place    | Note
-------+----------+-------------------------------------------
     0 | D:1      | Zonian the Tengu Conjurer began the quest for the Orb.
     0 | D:1      | Reached XP level 1. HP: 10/10 MP: 4/4
    87 | D:1      | Reached XP level 2. HP: 15/15 MP: 0/6
   465 | D:1      | Reached skill level 6 in Conjurations
   763 | D:1      | Found a faded altar of an unknown god.
   904 | D:2      | Noticed Jessica
   960 | D:2      | Reached XP level 3. HP: 19/19 MP: 4/7
   963 | D:2      | Learned a level 2 spell: Searing Ray
   967 | D:2      | Learned a level 3 spell: Dazzling Flash
   991 | D:2      | Found Ogowaif's Antique Armour Boutique.
  1276 | D:2      | Noticed Sigmund
  1621 | D:2      | Killed Jessica
  1622 | D:2      | Reached XP level 4. HP: 24/24 MP: 3/8
  1782 | D:2      | Killed Sigmund
  1783 | D:2      | Reached skill level 1 in Fighting
  1783 | D:2      | Reached skill level 7 in Conjurations
  1783 | D:2      | Gained mutation: Your magical nature lets you fly swiftly
                  | and evasively. [Tengu growth]
  1783 | D:2      | Reached XP level 5. HP: 9/30 MP: 1/10
  1783 | D:2      | Reached XP level 6. HP: 11/35 MP: 1/11
  4065 | D:3      | Found Tassech's Distillery.
  4072 | D:3      | Bought 2 potions of curing for 84 gold pieces
  4579 | D:3      | Reached skill level 8 in Conjurations
  6019 | D:4      | Found an ornate altar of the Wu Jian Council.
  6025 | D:4      | Found a hazy altar of Hepliaklqana.
  6050 | D:4      | Reached XP level 7. HP: 11/40 MP: 1/13
  6062 | D:4      | Noticed a spectral centipede
  6062 | D:4      | Noticed a spectral black mamba
  6062 | D:4      | Noticed a spectral cane toad
  6430 | D:4      | Reached skill level 9 in Conjurations
  6965 | D:4      | Found a staircase to the Ecumenical Temple.
  7067 | D:5      | Entered Level 5 of the Dungeon
  7085 | D:5      | Learned a level 2 spell: Call Imp
  7139 | D:5      | Found a shadowy altar of Dithmenos.
  7277 | D:5      | Noticed Blork the orc
  7358 | D:5      | Killed Blork the orc
  7359 | D:5      | Reached skill level 1 in Summonings
  7359 | D:5      | Reached XP level 8. HP: 43/46 MP: 8/15
  7906 | D:6      | Reached skill level 1 in Short Blades
  9024 | D:6      | Reached skill level 10 in Conjurations
  9191 | D:6      | Reached skill level 5 in Spellcasting
  9887 | D:6      | Noticed a troll
  9892 | D:6      | Reached XP level 9. HP: 52/52 MP: 11/17
 10921 | D:6      | Found a basalt altar of Yredelemnul.
 12177 | D:6      | Reached skill level 5 in Fighting
 12718 | D:3      | Bought a potion of haste for 140 gold pieces
 12718 | D:3      | Bought a potion of cancellation for 112 gold pieces
 13278 | D:7      | Found a stormy altar of Qazlal.
 13370 | Temple   | Entered the Ecumenical Temple
 13421 | Temple   | Became a worshipper of Vehumet
 13538 | D:7      | Reached skill level 5 in Summonings
 13602 | D:7      | Learned a level 4 spell: Summon Lightning Spire
 13636 | D:7      | Noticed Duvessa
 13706 | D:7      | Found a sacrificial altar of Ru.
 13706 | D:7      | Found a shimmering altar of Xom.
 14488 | D:7      | Noticed Dowan
 14505 | D:7      | Killed Dowan
 14652 | D:7      | Reached skill level 1 in Shields
 14880 | D:7      | Reached skill level 11 in Conjurations
 14942 | D:7      | HP: 1/54 [Duvessa (14)]
 14943 | D:7      | Killed Duvessa
 15277 | D:7      | Found Mukhoxky's Jewellery Shop.
 15432 | D:7      | Reached XP level 10. HP: 52/58 MP: 12/20
 15579 | D:7      | Noticed an ice statue
 15600 | D:7      | Found a shimmering blue altar of Sif Muna.
 15724 | D:8      | Noticed a red ugly thing
 15731 | D:8      | Reached skill level 1 in Air Magic
 15972 | D:8      | Found a sparkling altar of Nemelex Xobeh.
 16270 | D:8      | Learned a level 4 spell: Iskenderun's Mystic Blast
 16806 | D:8      | Found a staircase to the Lair.
 16897 | D:8      | Reached * piety under Vehumet
 16897 | D:8      | Offered knowledge of Freeze by Vehumet.
 17367 | D:8      | Found a broken altar of Ashenzari.
 17776 | D:8      | Found a bloodstained altar of Trog.
 18810 | Lair:1   | Entered Level 1 of the Lair of Beasts
 19221 | Lair:1   | Reached skill level 1 in Translocations
 19238 | Lair:1   | Reached skill level 5 in Stealth
 19324 | Lair:1   | Found a dark tunnel.
 19332 | Volcano  | Entered a volcano
 19601 | Volcano  | Noticed a deep elf pyromancer
 19718 | Lair:1   | Noticed a black mamba
 19725 | Lair:1   | Killed a black mamba
 20486 | Lair:1   | Reached skill level 5 in Dodging
 21764 | Lair:2   | Reached XP level 11. HP: 64/64 MP: 22/22
 22360 | Lair:2   | Noticed a five-headed hydra
 22697 | Lair:2   | Noticed an eight-headed hydra
 23001 | Lair:3   | Learned a level 3 spell: Swiftness
 23037 | Lair:3   | HP: 3/66 [poisoned by a black mamba]
 23364 | Lair:3   | Identified a scroll of acquirement
 23364 | Lair:3   | Acquired a +4 ring of evasion
 23824 | Lair:3   | Reached skill level 5 in Short Blades
 23824 | Lair:3   | Reached skill level 12 in Conjurations
 23824 | Lair:3   | Reached skill level 5 in Air Magic
 23860 | Lair:3   | Noticed a catoblepas
 24626 | Lair:3   | Found a staircase to the Snake Pit.
 24643 | Lair:3   | Noticed a five-headed hydra
 24832 | Lair:3   | Killed a five-headed hydra
 24843 | Lair:3   | Reached XP level 12. HP: 42/72 MP: 16/24
 25645 | Lair:2   | Offered knowledge of Sandblast by Vehumet.
 25869 | Lair:2   | Reached ** piety under Vehumet
 26021 | Lair:2   | Killed a five-headed hydra
 26237 | Lair:2   | Killed an eight-headed hydra
 27291 | Lair:4   | Noticed a death yak
 27450 | Lair:4   | Noticed Sonja
 27464 | Lair:4   | Killed Sonja
 27709 | Lair:4   | Noticed a death yak
 28321 | Lair:4   | Found a staircase to the Shoals.
 28469 | Lair:4   | Noticed Nergalle
 28478 | Lair:4   | Killed Nergalle
 28668 | Lair:4   | Learned a level 4 spell: Summon Ice Beast
 28696 | Lair:4   | Killed a death yak
 28702 | Lair:4   | Killed a death yak
 29088 | Lair:5   | Noticed a catoblepas
 29742 | Lair:5   | Reached XP level 13. HP: 78/78 MP: 26/26
 29777 | Lair:5   | Reached skill level 13 in Conjurations
 30595 | Lair:5   | Found a staircase to the Slime Pits.
 30595 | Lair:5   | Found a viscous altar of Jiyva.
 30617 | Lair:5   | Offered knowledge of Conjure Flame by Vehumet.
 31270 | Lair:6   | Entered Level 6 of the Lair of Beasts
 32250 | Lair:6   | Reached *** piety under Vehumet
 33800 | Lair:6   | Identified the +1 flail "Exuteese" {antimagic, Drain +Rage
                  | Str+8 Dex-2}
 33807 | Lair:6   | Offered knowledge of Hailstorm by Vehumet.
 33817 | Lair:6   | Slain by a black mamba

Illustrated notes

Levels and vault maps discovered:
D:1:      giann_horns, layout_loops_ring, shapermc_ecumenical_altar_notcrosses,
          minmay_tromino_v4_c
D:2:      layout_basic, serial_shops, nicolae_shop_trees, grunt_ministairs_11,
          guppyfry_early_lair_pool, uniq_jessica, uniq_sigmund
D:3:      layout_loops_ring, serial_shops, shop
D:4:      layout_cave_pools, nicolae_overflow_hidden_temple,
          pdpol_wu_jian_five_deadly_venoms, minmay_temple_entry_arrows
D:5:      layout_cave_pools, grunt_dithmenos_smoke, uniq_blork_the_orc
D:6:      minmay_evil_eye, layout_gridville, lemuel_round_altar,
          amcnicky_mini_pool_small, minmay_misc_feat_cross,
          hangedman_decor_diamond_cutter, grunt_potential
D:7:      lemuel_ice_statue, layout_layer_cave, amcnicky_altar_gilded,
          kennysheep_little_box, gammafunk_temple_overflow_elements,
          serial_shops, nicolae_shop_statue_plus, uniq_duvessa
D:8:      layout_loops_corners, nicolae_ashenzari_skybound, lemuel_round_altar,
          trog_butcher_becter, dpeg_oklobed_lair
Temple:   jpeg_temple_island
Lair:1:   layout_regular_city, nicolae_volcano_entry_hallway, lemuel_fruit_tree,
          serial_bayou_shore_b, grunt_megastairs_4, infiniplex_staircase_pool_2
Lair:2:   layout_cave_pods
Lair:3:   layout_regular_city, minmay_snake_entry_guardpost_small,
          portal_ice_cave_demonic_guard
Lair:4:   layout_regular_city, elwin_shoals_entry_rocks, beast_lair_carwin_4,
          uniq_nergalle, uniq_sonja
Lair:5:   layout_cave_pods, slime_altar_1
Lair:6:   guppyfry_lair_end_dragon, layout_gridlike, hangedman_lair_in_review,
          minivault_26

Skill      XL: |  1  2  3  4  5  6  7  8  9 10 11 12 13 |
---------------+----------------------------------------+-----
Conjurations   | 6 7 8 9 10 11 12 13 | 13.4
Fighting       | 1 2 3 4 5 6 7 8 |  8.4
Spellcasting   | 3 4 5 6 7 8 |  8.7
Dodging        | 3 4 5 6 7 8 |  8.3
Stealth        | 3 4 5 6 7 8 |  8.4
Summonings     | 1 3 5 6 7 8 9 |  9.4
Short Blades   | 1 2 4 5 6 |  6.4
Shields        | 1 |  1.0
Air Magic      | 3 5 7 8 |  8.2
Translocations | 2 3 4 |  4.3

Action                   |  1- 3 |  4- 6 |  7- 9 | 10-12 | 13-15 || total
-------------------------+-------+-------+-------+-------+-------++-------
Melee: Unarmed           |     2 |     2 |       |       |       ||     4
       Kick              |     1 |     1 |    28 |    53 |    40 ||   123
       Dagger            |       |    17 |    92 |   206 |   159 ||   474
       Peck              |       |     3 |    15 |    33 |    20 ||    71
 Cast: Magic Dart        |    43 |   116 |   138 |   152 |    97 ||   546
       Searing Ray       |     1 |     6 |    35 |    93 |    20 ||   155
       Call Imp          |       |       |       |     8 |     2 ||    10
       Summon Lightning  |       |       |       |     8 |    17 ||    25
       Iskenderun's Myst |       |       |       |     2 |     6 ||     8
Evoke: Wand              |       |       |     1 |     7 |       ||     8
  Use: Potion            |     1 |       |       |     4 |     1 ||     6
       Scroll            |       |    11 |     5 |    12 |     1 ||    29
 Stab: Sleeping          |       |       |     1 |     7 |       ||     8
       Distracted        |       |       |       |       |     2 ||     2
Armor: Robe              |       |     4 |    16 |    14 |    18 ||    52
Dodge: Dodged            |     5 |    39 |    78 |   239 |   199 ||   560
Block: Other             |       |       |    25 |    30 |       ||    55
       Reflection        |       |       |     5 |     2 |       ||     7

Table legend: (Time is in decaauts)
 A = Elapsed time spent in this place.
 B = Non-inter-level travel time spent in this place.
 C = Inter-level travel time spent in this place.
 D = Time resting spent in this place.
 E = Time spent auto-exploring this place.
 F = Levels seen in this place.
 G = Mean time per level.
                   A        B        C        D        E       F      G
               +--------+--------+--------+--------+--------+-----+--------+
         Total |  32582 |  31209 |   1373 |  18478 |   7732 |  16 | 2036.4 |
       Dungeon |  18335 |  17226 |   1109 |  10518 |   4968 |   8 | 2291.9 |
        Temple |     79 |     44 |     35 |      0 |     28 |   1 |   79.0 |
          Lair |  13890 |  13663 |    227 |   7721 |   2735 |   6 | 2315.0 |
       Volcano |    276 |    276 |      0 |    239 |      0 |   1 |  276.0 |
               +--------+--------+--------+--------+--------+-----+--------+

Top non-repeatable levels by time:
     D:6: 4772 daAuts
     D:8: 2953 daAuts
  Lair:5: 2662 daAuts
  Lair:3: 2539 daAuts
     D:2: 2467 daAuts
     D:7: 2397 daAuts
  Lair:1: 2376 daAuts
  Lair:4: 2340 daAuts
  Lair:2: 2277 daAuts
     D:1: 1777 daAuts
  Lair:6: 1694 daAuts
     D:4: 1648 daAuts
     D:3: 1420 daAuts
     D:5: 897 daAuts
 Volcano: 276 daAuts
